AoeStats
← Kayzer_Rsk

Yucatan

503519197Analyzed
2v2 RM · 1mo ago on Sep 1, 2026· 34m 20s· 4 players
Game mode
Random Map
Map size
Medium (4 player)
Population
200
Speed
Normal
Resources
Standard
Victory
Conquest
Starting age
Dark Age
Ending age
Imperial Age
RankedLock teamsTeams togetherTeam positionsShared explorationLock speedFull tech treeHidden civsTurbo modeCheats
Victory
Defeat
🇨🇱 Jurchens · Chile
780
+14
🇨🇱 Mongols · Chile
759
+15
🇨🇴 Romans · Colombia
740
-15
🇺🇸 Mapuche · United States
726
-14
Matisidio58
2:18 Loom
12:59 Feudal Age
13:59 Champi Runner
18:28 Castle Age
22:57 Pikeman
24:43 Fletching
27:20 Forging
crirob2016
12:41 Feudal Age
13:23 Double-Bit Axe
13:31 Gold Mining
13:35 Horse Collar
14:45 Loom
24:01 Loom
Kayzer_Rsk
9:40 Feudal Age
12:40 Forging
12:28 Double-Bit Axe
13:37 Bloodlines
19:10 Scale Barding Armor
25:02 Castle Age
26:23 Iron Casting
26:08 Chain Barding Armor
26:15 Husbandry
26:44 Horse Collar
31:58 Heavy Plow
32:10 Bow Saw
fricxy12angel
0:26 Loom
9:52 Feudal Age
18:53 Castle Age
17:59 Wheelbarrow
17:38 Double-Bit Axe
18:24 Fletching
19:57 Padded Archer Armor
19:58 Gold Mining
21:25 Gold Shaft Mining
22:21 Scale Barding Armor
24:42 Stone Mining
24:53 Horse Collar
32:28 Forging
32:14 Bodkin Arrow
32:48 Man-at-Arms
37:03 Imperial Age
34:50 Hand Cart
34:21 Town Watch
Connection lost

Rejoining the realm…

Still unreachable

The connection could not be restored.

Session expired

The server has moved on; the page needs a fresh start.